ESL (28 & UNDER)
BUFFALO LIGHTSABRES @ RIO GRANDE RATTLESNAKE
07/02/2030
 
TOP OF THE 1ST
Buffalo LightSabres batting - Pitching for Rio Grande Rattlesnake : RHP Myron Burgess
Pitching: RHP Myron Burgess
Batting: LHB Júlio Córdova 0-0: Foul Ball, location: 2F
0-1: Foul Ball, location: 2F
0-2: Ball
1-2: Ball
2-2: Strikes out swinging
Batting: RHB Júlio López 0-0: Ball
1-0: Ball
2-0: Ball
3-0: Called Strike
3-1: Called Strike
3-2: Foul Ball, location: 2F
3-2: Foul Ball, location: 2F
3-2: Foul Ball, location: 2F
3-2: Foul Ball, location: 2F
3-2: Strikes out looking
Batting: LHB Garrett King 0-0: Called Strike
0-1: Ball
1-1: Foul Ball, location: 2F
1-2: SINGLE (Flyball, 89M)
Batting: RHB Augusto Padilla 0-0: Ball
1-0: Ball
2-0: TRIPLE (Flyball, 8LXD)
Garrett King scores
Batting: RHB Peter Dixon 0-0: Called Strike
0-1: Swinging Strike
0-2: Ball
1-2: Ball
2-2: Foul Ball, location: 2F
2-2: Strikes out swinging
Top of the 1st over - 1 run, 2 hits, 0 errors, 1 left on base; Buffalo 1 - Rio Grande 0
BOTTOM OF THE 1ST
Rio Grande Rattlesnake batting - Pitching for Buffalo LightSabres : RHP Stan Payne
Pitching: RHP Stan Payne
Batting: LHB Alberto Roberts 0-0: SINGLE (Line Drive, 7LS)
Batting: RHB David Suarze 0-0: Fielders Choice at 2nd, 6-4 (Groundball, 6M)
Batting: RHB Jeff Bane 0-0: Fly out, F6 (Line Drive, 6)
Batting: LHB Claudio Rodríguez 0-0: Fly out, F6 (Line Drive, 6MD)
Bottom of the 1st over - 0 runs, 1 hit, 0 errors, 1 left on base; Buffalo 1 - Rio Grande 0
TOP OF THE 2ND
Buffalo LightSabres batting - Pitching for Rio Grande Rattlesnake : RHP Myron Burgess
Batting: LHB Tim Griffith 0-0: Ball
1-0: Ball
2-0: Called Strike
2-1: Ball
3-1: Foul Ball, location: 2F
3-2: Strikes out swinging
Batting: RHB Pat McDonald 0-0: Foul Ball, location: 2F
0-1: Ball
1-1: Foul Ball, location: 2F
1-2: Ball
2-2: Strikes out swinging
Batting: RHB Abraham Hardy 0-0: Ball
1-0: Called Strike
1-1: Foul Ball, location: 2F
1-2: Strikes out swinging
Top of the 2nd over - 0 runs, 0 hits, 0 errors, 0 left on base; Buffalo 1 - Rio Grande 0
BOTTOM OF THE 2ND
Rio Grande Rattlesnake batting - Pitching for Buffalo LightSabres : RHP Stan Payne
Batting: RHB Gary Thomas 0-0: Ball
1-0: Foul Ball, location: 2F
1-1: Swinging Strike
1-2: Ball
2-2: Ball
3-2: Foul Ball, location: 2F
3-2: Foul Ball, location: 2F
3-2: Base on Balls
Batting: SHB Arnold Moore 0-0: Ground out 4-3 (Groundball, 3D)
Gary Thomas to second
Batting: LHB Pedro Díaz 0-0: Called Strike
0-1: Ground out 1-3 (Groundball, 13S)
Gary Thomas to third
Batting: RHB José Méndez 0-0: Ball
1-0: Ball
2-0: Ball
3-0: Base on Balls
Batting: RHB Derek Hartman 0-0: Ball
1-0: Ground out 1-3 (Groundball, P)
Bottom of the 2nd over - 0 runs, 0 hits, 0 errors, 2 left on base; Buffalo 1 - Rio Grande 0
TOP OF THE 3RD
Buffalo LightSabres batting - Pitching for Rio Grande Rattlesnake : RHP Myron Burgess
Batting: LHB Sergio Luna 0-0: Fly out, F7 (Flyball, 7LS)
Batting: LHB Júlio Córdova 0-0: Called Strike
0-1: Ground out U3 (Groundball, 34)
Batting: RHB Júlio López 0-0: Called Strike
0-1: Ball
1-1: Ball
2-1: Ball
3-1: Swinging Strike
3-2: Base on Balls
Batting: LHB Garrett King 0-0: Ball
1-0: Called Strike
1-1: Ball
2-1: Ball
3-1: Foul Ball, location: 2F
3-2: Base on Balls
Júlio López to second
Batting: RHB Augusto Padilla 0-0: Foul Ball, location: 2F
0-1: Swinging Strike
0-2: Ball
1-2: Strikes out swinging, 2-3 out at first.
Top of the 3rd over - 0 runs, 0 hits, 0 errors, 2 left on base; Buffalo 1 - Rio Grande 0
BOTTOM OF THE 3RD
Rio Grande Rattlesnake batting - Pitching for Buffalo LightSabres : RHP Stan Payne
Batting: LHB Alberto Roberts 0-0: Ball
1-0: Ball
2-0: Called Strike
2-1: Fly out, F7 (Flyball, 7S)
Batting: RHB David Suarze 0-0: Called Strike
0-1: Swinging Strike
0-2: Ball
1-2: Ball
2-2: Ball
3-2: Base on Balls
Batting: RHB Jeff Bane 0-0: Ball
1-0: Ball
2-0: SINGLE (Line Drive, 89M)
David Suarze to second
Batting: LHB Claudio Rodríguez 0-0: Called Strike
David Suarze steals 3rd base
Jeff Bane to second
0-1: Ball
1-1: Called Strike
1-2: Ball
2-2: Ball
3-2: Base on Balls
Batting: RHB Gary Thomas 0-0: Ball
1-0: Foul Ball, location: 2F
1-1: Ball
2-1: Ball
3-1: Base on Balls
David Suarze scores
Jeff Bane to third
Claudio Rodríguez to second
Batting: SHB Arnold Moore 0-0: Ball
1-0: Ball
2-0: Ball
3-0: Base on Balls
Jeff Bane scores
Claudio Rodríguez to third
Gary Thomas to second
Batting: LHB Pedro Díaz 0-0: Called Strike
0-1: Ball
1-1: Foul Ball, location: 2F
1-2: Strikes out looking
Batting: RHB José Méndez 0-0: Ball
1-0: Foul Ball, location: 2F
1-1: Swinging Strike
1-2: Strikes out looking
Bottom of the 3rd over - 2 runs, 1 hit, 0 errors, 3 left on base; Buffalo 1 - Rio Grande 2
TOP OF THE 4TH
Buffalo LightSabres batting - Pitching for Rio Grande Rattlesnake : RHP Myron Burgess
Batting: RHB Peter Dixon 0-0: Ball
1-0: Ball
2-0: Ball
3-0: Called Strike
3-1: Fly out, F9 (Flyball, 9S)
Batting: LHB Tim Griffith 0-0: Ball
1-0: Foul Ball, location: 2F
1-1: Ball
2-1: SINGLE (Groundball, 6MD)
Batting: RHB Pat McDonald 0-0: Foul Ball, location: 2F
0-1: Ball
1-1: SINGLE (Line Drive, 6M)
Tim Griffith to second
Runner from 2nd tries for 3rd, SAFE, throw made to third
Batting: RHB Abraham Hardy 0-0: Ball
1-0: Swinging Strike
1-1: Ball
2-1: SINGLE (Groundball, 6D)
Tim Griffith scores
Pat McDonald to second
Batting: LHB Sergio Luna 0-0: Ball
1-0: Ball
2-0: Ball
3-0: Called Strike
3-1: Called Strike
3-2: Strikes out swinging
Batting: LHB Júlio Córdova 0-0: Swinging Strike
0-1: Ball
1-1: Foul Ball, location: 2F
1-2: Foul Ball, location: 2F
1-2: Ball
2-2: Foul Ball, location: 2F
2-2: Foul Ball, location: 2F
2-2: Ball
3-2: Strikes out looking
Top of the 4th over - 1 run, 3 hits, 0 errors, 2 left on base; Buffalo 2 - Rio Grande 2
BOTTOM OF THE 4TH
Rio Grande Rattlesnake batting - Pitching for Buffalo LightSabres : RHP Stan Payne
Batting: RHB Derek Hartman 0-0: Called Strike
0-1: Ball
1-1: SOLO HOME RUN (Flyball, 78XD), Distance : 378 ft
Batting: LHB Alberto Roberts 0-0: Called Strike
0-1: Called Strike
0-2: Foul Ball, location: 2F
0-2: Foul Ball, location: 2F
0-2: Strikes out looking
Batting: RHB David Suarze 0-0: Ball
1-0: Called Strike
1-1: Swinging Strike
1-2: Ground out 6-3 (Groundball, 6)
Batting: RHB Jeff Bane 0-0: Called Strike
0-1: Swinging Strike
0-2: Ball
1-2: Strikes out swinging
Bottom of the 4th over - 1 run, 1 hit, 0 errors, 0 left on base; Buffalo 2 - Rio Grande 3
TOP OF THE 5TH
Buffalo LightSabres batting - Pitching for Rio Grande Rattlesnake : RHP Myron Burgess
Pitching: RHP Nelson Britt
Batting: RHB Júlio López 0-0: Ball
1-0: Ball
2-0: SINGLE (Groundball, 6MD)
Batting: LHB Garrett King 0-0: Swinging Strike
0-1: SINGLE (Groundball, 56D)
Júlio López to second
Batting: RHB Augusto Padilla 0-0: Ball
1-0: Ball
2-0: SINGLE (Line Drive, 4M)
Júlio López to third
Garrett King to second
Batting: RHB Peter Dixon 0-0: Called Strike
0-1: Swinging Strike
0-2: Ball
1-2: Strikes out swinging
Batting: LHB Tim Griffith 0-0: Ball
1-0: Called Strike
1-1: Reached on error, E6 (Groundball, 6)
Júlio López scores
Garrett King to third
Augusto Padilla to second
Batting: RHB Pat McDonald 0-0: Ball
1-0: Ball
2-0: Foul Ball, location: 2F
2-1: DOUBLE (Line Drive, 9LD)
Garrett King scores
Augusto Padilla scores
Tim Griffith to third
Batting: RHB Abraham Hardy 0-0: Ground out 4-3 (Groundball, 4)
Tim Griffith scores
Pat McDonald to third
Pitching: RHP Sterling Caldwell
Batting: LHB Sergio Luna 0-0: Ball
1-0: Ball
2-0: Ball
3-0: Called Strike
3-1: Foul Ball, location: 2F
3-2: Foul Ball, location: 2F
3-2: Foul Ball, location: 2F
3-2: Foul Ball, location: 2F
3-2: Base on Balls
Batting: LHB Júlio Córdova 0-0: Fly out, F9 (Flyball, 9LM)
Top of the 5th over - 4 runs, 4 hits, 1 error, 2 left on base; Buffalo 6 - Rio Grande 3
BOTTOM OF THE 5TH
Rio Grande Rattlesnake batting - Pitching for Buffalo LightSabres : RHP Stan Payne
Batting: LHB Claudio Rodríguez 0-0: Fly out, F9 (Flyball, 9)
Batting: RHB Gary Thomas 0-0: Ball
1-0: Ball
2-0: Called Strike
2-1: Ball
3-1: Base on Balls
Batting: SHB Arnold Moore 0-0: SINGLE (Groundball, 4D)
Gary Thomas to second
Runner from 2nd tries for 3rd, SAFE, no throw
Batting: LHB Pedro Díaz 0-0: Ball
1-0: Foul Ball, location: 2F
1-1: Called Strike
1-2: Foul Ball, location: 2F
1-2: Foul Ball, location: 2F
1-2: Ball
2-2: Foul Ball, location: 2F
2-2: Ball
3-2: Base on Balls
Arnold Moore to second
Batting: RHB José Méndez 0-0: Called Strike
0-1: Foul Ball, location: 2F
0-2: Ball
1-2: Ball
2-2: Ball
3-2: Foul Ball, location: 2F
3-2: Base on Balls
Gary Thomas scores
Arnold Moore to third
Pedro Díaz to second
Batting: RHB Derek Hartman 0-0: Ball
1-0: Ball
2-0: Called Strike
2-1: Ball
3-1: Base on Balls
Arnold Moore scores
Pedro Díaz to third
José Méndez to second
Batting: LHB Alberto Roberts 0-0: Fly out, F8 (Flyball, 89D)
Runner from 3rd tags up, SCORES, throw made
Batting: RHB David Suarze 0-0: Foul Ball, location: 2F
0-1: Called Strike
0-2: Foul Ball, location: 2F
0-2: Ball
1-2: Foul Ball, location: 2F
1-2: Ball
2-2: Ball
3-2: Foul Ball, location: 2F
3-2: Foul Ball, location: 2F
3-2: SINGLE (Line Drive, 4MD)
José Méndez to third
Derek Hartman to second
José Méndez scores
Derek Hartman to third
Batting: RHB Jeff Bane 0-0: Called Strike
0-1: Foul Ball, location: 2F
0-2: Ball
1-2: Ball
2-2: Ball
3-2: Fly out, F2 (Popup, 2L)
Bottom of the 5th over - 4 runs, 2 hits, 0 errors, 2 left on base; Buffalo 6 - Rio Grande 7
TOP OF THE 6TH
Buffalo LightSabres batting - Pitching for Rio Grande Rattlesnake : RHP Sterling Caldwell
Batting: RHB Júlio López 0-0: Called Strike
0-1: Ball
1-1: Called Strike
1-2: Strikes out swinging
Batting: LHB Garrett King 0-0: Ball
1-0: Ball
2-0: Foul Ball, location: 2F
2-1: SOLO HOME RUN (Flyball, 7LD), Distance : 326 ft
Batting: RHB Augusto Padilla 0-0: Called Strike
0-1: Called Strike
0-2: Strikes out swinging
Batting: RHB Peter Dixon 0-0: Ball
1-0: Ball
2-0: Ball
3-0: Base on Balls
Batting: LHB Tim Griffith 0-0: Foul Ball, location: 2F
0-1: Foul Ball, location: 2F
0-2: Ground out 1-3 (Groundball, 13)
Top of the 6th over - 1 run, 1 hit, 0 errors, 1 left on base; Buffalo 7 - Rio Grande 7
BOTTOM OF THE 6TH
Rio Grande Rattlesnake batting - Pitching for Buffalo LightSabres : RHP Stan Payne
Batting: LHB Claudio Rodríguez 0-0: Called Strike
0-1: SOLO HOME RUN (Flyball, 9LD), Distance : 338 ft
Pitching: LHP Tom Workman
Batting: RHB Gary Thomas 0-0: Called Strike
0-1: Swinging Strike
0-2: Ball
1-2: Reached on error, E5 (Groundball, 56)
Batting: SHB Arnold Moore 0-0: Reached on error, E6 (Groundball, 6)
Gary Thomas to second
Batting: LHB Pedro Díaz 0-0: Called Strike
0-1: Called Strike
0-2: Fielders Choice at 2nd, 4-6 (Groundball, 4M)
Gary Thomas to third
Batting: RHB José Méndez 0-0: Ball
1-0: Foul Ball, location: 2F
1-1: Foul Ball, location: 2F
1-2: Ball
2-2: Fly out, F7 (Flyball, 7LM)
Runner from 3rd tags up, SCORES, no throw
Batting: RHB Derek Hartman 0-0: Called Strike
0-1: Fly out, F4 (Popup, 3D)
Bottom of the 6th over - 2 runs, 1 hit, 2 errors, 1 left on base; Buffalo 7 - Rio Grande 9
TOP OF THE 7TH
Buffalo LightSabres batting - Pitching for Rio Grande Rattlesnake : RHP Sterling Caldwell
Batting: RHB Pat McDonald 0-0: Called Strike
0-1: Ball
1-1: Swinging Strike
1-2: Ball
2-2: Strikes out swinging
Batting: RHB Abraham Hardy 0-0: Called Strike
0-1: Foul Ball, location: 2F
0-2: Strikes out swinging
Pitching: LHP António Rodríguez
Batting: LHB Sergio Luna 0-0: Called Strike
0-1: Ball
1-1: Swinging Strike
1-2: Ball
2-2: Foul Ball, location: 2F
2-2: Ball
3-2: Base on Balls
Batting: LHB Júlio Córdova 0-0: Ball
1-0: Ball
2-0: Called Strike
2-1: Called Strike
2-2: Strikes out swinging
Top of the 7th over - 0 runs, 0 hits, 0 errors, 1 left on base; Buffalo 7 - Rio Grande 9
BOTTOM OF THE 7TH
Rio Grande Rattlesnake batting - Pitching for Buffalo LightSabres : LHP Tom Workman
Batting: LHB Alberto Roberts 0-0: Called Strike
0-1: Foul Ball, location: 2F
0-2: Ball
1-2: Strikes out swinging
Batting: RHB David Suarze 0-0: Foul Ball, location: 2F
0-1: Ball
1-1: Foul Ball, location: 2F
1-2: Foul Ball, location: 2F
1-2: Foul Ball, location: 2F
1-2: Ball
2-2: DOUBLE (Line Drive, 78D)
Batting: RHB Jeff Bane 0-0: Intentional Walk
Batting: LHB Claudio Rodríguez 0-0: Foul Ball, location: 2F
0-1: Swinging Strike
0-2: Strikes out swinging
Batting: RHB Gary Thomas 0-0: Ball
1-0: Swinging Strike
1-1: Fly out, F3 (Popup, 23F)
Bottom of the 7th over - 0 runs, 1 hit, 0 errors, 2 left on base; Buffalo 7 - Rio Grande 9
TOP OF THE 8TH
Buffalo LightSabres batting - Pitching for Rio Grande Rattlesnake : LHP António Rodríguez
Pitching: RHP Billy O'Neal
Batting: RHB Júlio López 0-0: Ball
1-0: Ground out 4-3 (Groundball, 4MD)
Batting: LHB Garrett King 0-0: Fly out, F6 (Popup, 6MS)
Batting: RHB Augusto Padilla 0-0: Ground out 6-3 (Groundball, 6)
Top of the 8th over - 0 runs, 0 hits, 0 errors, 0 left on base; Buffalo 7 - Rio Grande 9
BOTTOM OF THE 8TH
Rio Grande Rattlesnake batting - Pitching for Buffalo LightSabres : LHP Tom Workman
Batting: SHB Arnold Moore 0-0: Foul Ball, location: 2F
0-1: Ball
1-1: Called Strike
1-2: Strikes out swinging
Batting: LHB Pedro Díaz 0-0: Ball
1-0: Ball
2-0: Ball
3-0: Called Strike
3-1: Foul Ball, location: 2F
3-2: Foul Ball, location: 2F
3-2: Foul Ball, location: 2F
3-2: Fly out, F8 (Flyball, 8LM)
Batting: RHB José Méndez 0-0: Ball
1-0: Ball
2-0: Ball
3-0: Base on Balls
Batting: RHB Derek Hartman 0-0: Ball
1-0: SINGLE (Groundball, 56D)
José Méndez to second
Pinch Hitting: RHB Matt Dickson 0-0: Ball
1-0: SINGLE (Groundball, 56S) (infield hit)
José Méndez to third
Derek Hartman to second
Batting: RHB David Suarze 0-0: Ball
1-0: Ball
2-0: Ball
3-0: Called Strike
3-1: Base on Balls
José Méndez scores
Derek Hartman to third
Matt Dickson to second
Batting: RHB Jeff Bane 0-0: Ball
1-0: Foul Ball, location: 2F
1-1: Ball
2-1: Foul Ball, location: 2F
2-2: Ball
3-2: DOUBLE (Line Drive, 89D)
Derek Hartman scores
Matt Dickson scores
David Suarze to third
David Suarze scores
Pitching: RHP Dylan Versluis
Batting: LHB Claudio Rodríguez 0-0: Ball
1-0: Foul Ball, location: 2F
1-1: SINGLE (Groundball, 4MD)
Jeff Bane to third
Runner from 3rd tries for Home, SAFE, no throw
Batting: RHB Gary Thomas 0-0: Foul Ball, location: 2F
0-1: Ball
1-1: Foul Ball, location: 2F
1-2: Foul Ball, location: 2F
1-2: Strikes out swinging
Bottom of the 8th over - 5 runs, 4 hits, 0 errors, 1 left on base; Buffalo 7 - Rio Grande 14
TOP OF THE 9TH
Buffalo LightSabres batting - Pitching for Rio Grande Rattlesnake : RHP Billy O'Neal
Now at C: Cristián Román
Now at SS: Geomar Dalsoglio
Now in CF: Doug Delaney
Now in RF: Justin Holland
Batting: RHB Peter Dixon 0-0: Ball
1-0: Called Strike
1-1: Foul Ball, location: 2F
1-2: Foul Ball, location: 2F
1-2: Ball
2-2: Strikes out looking
Batting: LHB Tim Griffith 0-0: Ball
1-0: SINGLE (Groundball, 34D)
Batting: RHB Pat McDonald 0-0: Swinging Strike
0-1: Ball
1-1: Swinging Strike
1-2: Ball
2-2: Ground out 5-3 (Groundball, 56S)
Tim Griffith to second
Batting: RHB Abraham Hardy 0-0: Foul Ball, location: 2F
0-1: Ball
1-1: Foul Ball, location: 2F
1-2: Ball
2-2: Foul Ball, location: 2F
2-2: SINGLE (Line Drive, 34)
Tim Griffith to third
Batting: LHB Sergio Luna 0-0: Foul Ball, location: 2F
0-1: Ball
1-1: Fly out, F7 (Flyball, 7)
Top of the 9th over - 0 runs, 2 hits, 0 errors, 2 left on base; Buffalo 7 - Rio Grande 14
Saturday, April 7th, 2018 - OOTP Baseball 18.8 Build 76